[Event ""]
[Site "FICS"]
[Date "2025-03-15"]
[Round "3"]
[White "Laksharan"]
[Black "Turamon"]
[Result "1-0"]
[WhiteElo "1534"]
[BlackElo "1628"]
[TimeControl "2700+45"]
[Time "12:59:03"]
[PlyCount "60"]

1. e4 d6
2. d4 g6
3. Nf3 Bg7
4. Nc3 Nf6
5. Bd3 O-O
6. e5 dxe5
7. Nxe5 Qxd4
8. Nf3 Qd8
9. O-O Bg4
10. h3 Be6
11. Re1 Nbd7
12. Ng5 Bd5
13. Nxd5 Nxd5
14. Bxg6 hxg6
15. Qxd5 c6
16. Qb3 b6
17. Qc4 c5
18. Qh4 Nf6
19. Bf4 e6
20. Be5 Nh5
21. Bxg7 Kxg7
22. g4 Rh8
23. Rad1 Qf6
24. gxh5 Rxh5
25. Nxe6+ fxe6
26. Rd7+ Qf7
27. Rxf7+ Kxf7
28. Qf4+ Rf5
29. Qc7+ Kf6
30. Qc6 1-0